 Dungeon Crawl Stone Soup version 0.30-a0-879-ga8ba668304 (webtiles) character file.

Game seed: 1146585790225370889

356916 112233 the Sorcerer (level 21, -7/153 HPs)
             Began as a Spriggan Earth Elementalist on Mar 14, 2023.
             Was an Initiate of Gozag.
             Mangled by a deep troll (20 damage)
             ... on level 1 of the Depths.
             The game lasted 01:54:01 (72893 turns).

112233 the Sorcerer (Spriggan Earth Elementalist)  Turns: 72893, Time: 01:54:02

Health: -7/153     AC: 37    Str:  4    XL:     21   Next: 40%
Magic:  7/50       EV: 35    Int: 31    God:    Gozag
Gold:   2594       SH:  0    Dex: 18    Spells: 18/68 levels left

rFire   + . .      SeeInvis +    b - staff of earth
rCold   + . .      Faith    .    (shield currently unavailable)
rNeg    + . .      Spirit   .    R - melded +2 robe {Archmagi}
rPois   ∞          Reflect  .    w - +2 hat {Will+}
rElec   +          Rampage  .    T - scarf {repulsion}
rCorr   +                        (gloves unavailable)
Will    ++++.                    (boots unavailable)
Stlth   +++                      G - amulet of magic regeneration
HPRegen 0.45/turn                (no ring)
MPRegen 0.72/turn                u - +6 ring of intelligence

@: statue-form, resistant, very slightly contaminated, hasted (expiring),
studying Throwing, repel missiles
A: slow and powerful, torment resistance 1, boosted hp, very small, no large
weapons, unfitting armour, see invisible, (speed 3)
}: 2/15 runes: barnacled, gossamer
a: End Transformation, Renounce Religion, Potion Petition, Call Merchant, Bribe
Branch


You were on level 1 of the Depths.
You worshipped Gozag.
Gozag was most pleased with you.
You were a living statue of rough stone.
You visited 9 branches of the dungeon, and saw 40 of its levels.
You also visited: Ossuary and Gauntlet.

You collected 17434 gold pieces.
You spent 6481 gold pieces at shops.
You paid 8359 gold pieces to Gozag.

Inventory:

Hand Weapons
 f - the +0 staff of Battle
   (You found it on level 3 of the Elven Halls)

   It enhances your conjuration magic.
   It summons a battlesphere in combat, with strength depending on Conjurations
   skill.
   Its strikes trigger the battlesphere's blasts.
Missiles
 d - 7 throwing nets
Armour
 w - a +2 hat of willpower (worn)
 J - the +2 hat of the Bear Spirit {Spirit, Bear, *Rage Will++}
   (You found it on level 1 of the Vaults)

   Bear:      Going berserk makes the wearer tougher, and they're slowed less
   afterward.
   *Rage:     It berserks you when you make melee attacks (+20% chance).
   Will:      It greatly increases your willpower.
 R - a +2 robe of the Archmagi (melded)
 T - a scarf of repulsion (worn)
Magical Staves
 b - a staff of earth (weapon)
Jewellery
 a - a ring of wizardry
 j - a +4 ring of slaying
 r - the amulet "Supnill" {Spirit rC++ Str+3}
   (You found it in a Gauntlet)

   [amulet of guardian spirit]

   It causes incoming damage to be divided between your reserves of health and
   magic.
   Str:       It affects your strength (+3).
   rC:        It greatly protects you from cold.
 u - a +6 ring of intelligence (right fist)
 G - an amulet of magic regeneration (around neck)
 V - the ring "Nenaosul" {rN+ Str+6 Int+2}
   (You found it on level 3 of the Elven Halls)

   [ring of strength]

   Str:       It affects your strength (+6).
   Int:       It affects your intelligence (+2).
   rN:        It protects you from negative energy.
Wands
 y - a wand of quicksilver (20)
 C - a wand of roots (19)
 N - a wand of mindburst (18)
 O - a wand of digging (9)
Scrolls
 c - 2 scrolls of silence
 e - 3 scrolls of teleportation
 h - 7 scrolls of vulnerability
 k - 2 scrolls of poison
 l - 5 scrolls of fog
 q - 5 scrolls of butterflies
 v - 25 scrolls of identify
 x - 2 scrolls of immolation
 z - 2 scrolls of fear
 A - 5 scrolls of enchant armour
 Q - 3 scrolls of amnesia
 W - 3 scrolls of enchant weapon
 X - 3 scrolls of torment
 Y - 7 scrolls of magic mapping
 Z - 3 scrolls of blinking
Potions
 g - 17 potions of curing
 i - 7 potions of attraction
 m - 3 potions of lignification
 o - 3 potions of heal wounds
 s - 10 potions of haste
 t - 12 potions of ambrosia
 B - 7 potions of flight
 D - 6 potions of mutation
 E - 3 potions of invisibility
 F - 6 potions of brilliance
 H - 5 potions of might
 K - 3 potions of berserk rage
 L - 8 potions of resistance
 M - 7 potions of magic
 P - 3 potions of cancellation
Miscellaneous
 n - a condenser vane
 p - a phantom mirror
 I - a phial of floods
 S - a box of beasts (inert)
 U - a piece from Xom's chessboard (15/15)


   Skills:
 - Level 15.4 Fighting
 + Level 10.0 Staves
 + Level 22.6 Dodging
 - Level 3.2 Stealth
 + Level 24.2 Spellcasting
 + Level 11.6 Conjurations
 - Level 6.2 Transmutations
 + Level 15.2 Earth Magic
 - Level 11.8 Evocations


You had 18 spell levels left.
You knew the following spells:

 Your Spells              Type           Power      Damage    Failure   Level
a - Borgnjor's Vile Clut  Necr/Erth      45%        N/A       1%          5
b - Iron Shot             Conj/Erth      55%        9d10      1%          6
c - Statue Form           Tmut/Erth      68%        N/A       1%          6
d - Apportation           Tloc           74%        N/A       1%          1
e - Lee's Rapid Deconstr  Erth           57%        3d27*     1%          5
f - Passwall              Tmut/Erth      85%        N/A       0%          2
g - Irradiate             Conj/Tmut      37%        3d24      1%          5
h - Lehudib's Crystal Sp  Conj/Erth      55%        10d13     21%         8
i - Blink                 Tloc           74%        N/A       1%          2
j - Spellforged Servitor  Conj/Summ      32%        N/A       52%         7
l - Sandblast             Erth           100%       2d20      0%          1
n - Wereblood             Tmut           66%        N/A       1%          2

Your spell library contained the following spells:

 Spells                   Type           Power      Damage    Failure   Level
 Magic Dart               Conj           100%       1d8       0%          1
 Stone Arrow              Conj/Erth      100%       3d13      0%          3
 Beastly Appendage        Tmut           100%       N/A       1%          1
 Foxfire                  Conj/Fire      100%       2x1d9     1%          1
 Freeze                   Ice            100%       1d10      1%          1
 Necrotise                Necr           100%       1d9       1%          1
 Slow                     Hex            100%       N/A       1%          1
 Sting                    Tmut/Pois      100%       1d8       1%          1
 Summon Small Mammal      Summ           100%       N/A       1%          1
 Cigotuvi's Dreadful Rot  Necr/Pois/Air  74%        N/A       1%          2
 Ensorcelled Hibernation  Hex/Ice        74%        N/A       1%          2
 Lesser Beckoning         Tloc           74%        N/A       1%          2
 Momentum Strike          Conj/Tloc      100%       3d10      1%          2
 Poisonous Vapours        Pois/Air       74%        N/A       1%          2
 Static Discharge         Conj/Air       100%       2-7/arc   1%          2
 Sublimation of Blood     Necr           37%        N/A       1%          2
 Dazzling Flash           Conj/Hex       100%       N/A       1%          3
 Hailstorm                Conj/Ice       65%        3d14      1%          3
 Ignite Poison            Fire/Tmut/Pois 50%        N/A       1%          3
 Spider Form              Tmut/Pois      54%        N/A       1%          3
 Animate Armour           Summ/Erth      100%       N/A       1%          4
 Leda's Liquefaction      Hex/Erth       45%        N/A       1%          4
 Petrify                  Tmut/Erth      100%       N/A       1%          4
 Sticky Flame             Conj/Fire      65%        2d8       1%          4
 Arcjolt                  Conj/Air       32%        1d42      1%          5
 Blade Hands              Tmut           33%        N/A       1%          5
 Lightning Bolt           Conj/Air       32%        1d50      1%          5
 Confusing Touch          Hex            37%        N/A       2%          3
 Frozen Ramparts          Ice            74%        1d12      2%          3
 Gell's Gravitas          Tloc           37%        N/A       2%          3
 Kindle Blastsparks       Fire/Tloc/Air  74%        2d16      2%          3
 Ozocubu's Armour         Ice            37%        N/A       2%          3
 Summon Guardian Golem    Hex/Summ       37%        N/A       2%          3
 Teleport Other           Tloc           37%        N/A       2%          3
 Vampiric Draining        Necr           37%        2d8       2%          3
 Vhi's Electric Charge    Tloc/Air       74%        N/A       2%          3
 Freezing Cloud           Conj/Ice/Air   28%        6-21      4%          5
 Orb of Destruction       Conj           41%        9d11      5%          7
 Airstrike                Air            18%        2d(3-19)  8%          4
 Anguish                  Hex/Necr       18%        N/A       8%          4
 Manifold Assault         Tloc           37%        N/A       8%          4
 Olgreb's Toxic Radiance  Pois           37%        N/A       8%          4
 Summon Lightning Spire   Summ/Air       37%        N/A       8%          4
 Conjure Ball Lightning   Conj/Air       32%        3x3d10    11%         6
 Agony                    Necr           37%        N/A       22%         5
 Metabolic Englaciation   Hex/Ice        18%        N/A       22%         5
 Dragon Form              Tmut           33%        N/A       45%         7
 Death Channel            Necr           18%        N/A       75%         6
 Dispersal                Tloc           18%        N/A       75%         6
 Haunt                    Necr/Summ      18%        N/A       100%        7
 Ozocubu's Refrigeration  Ice            18%        4d11      100%        7
 Summon Hydra             Summ           18%        N/A       100%        7
 Borgnjor's Revivificati  Necr           18%        N/A       100%        8
 Disjunction              Tloc           18%        N/A       100%        8
 Ignition                 Fire           18%        3d7       100%        8
 Infestation              Necr           18%        N/A       100%        8
 Maxwell's Capacitive Co  Air            18%        ∞         100%        8
 Necromutation            Tmut/Necr      27%        N/A       100%        8
 Summon Horrible Things   Summ           18%        N/A       100%        8
 Death's Door             Necr           18%        N/A       100%        9
 Fire Storm               Conj/Fire      32%        8d8       100%        9
 Animate Dead             Necr           Unusable   N/A       N/A         4
 Simulacrum               Ice/Necr       Unusable   N/A       N/A         6

Dungeon Overview and Level Annotations

Branches:
Dungeon (15/15)            Temple (1/1) D:7            Lair (5/5) D:8
 Shoals (4/4) Lair:2       Spider (4/4) Lair:2        Slime (0/5) Lair:5
    Orc (2/2) D:9             Elf (3/3) Orc:2        Vaults (4/5) D:14
  Crypt (0/3) Vaults:3     Depths (1/4) D:15        Ossuary (visited)
Gauntlet (visited)

Altars:
Ashenzari
Dithmenos
Elyvilon
Fedhas
Gozag
Hepliaklqana
Kikubaaqudgha
Makhleb
Nemelex Xobeh
Qazlal
Ru
Sif Muna
Trog
Uskayaw
Wu Jian
Yredelemnul
Zin
The Shining One

Shops:
D:3 [   D:4 *   D:9 *[::   Orc:2 =[([   Elf:1 :==(   Elf:2 [   Elf:3 *
Shoals:1 :?   Shoals:2 **   Shoals:3 :   Vaults:2 [   Vaults:3 *   Vaults:4 (

Portals:
Hell: Depths:1
Trove: D:10 (give +2 gold dragon scales)

Annotations:
D:9 2 transporters, BROtania's ghost, journeyman MiBe
D:12 1 transporter, Kiciri's ghost, journeyman DjFE
Lair:1 exclusion: downstairs
Lair:3 2 transporters, Ruockun's ghost, journeyman DsNe
Lair:4 1 runed translucent door, Etreokin's ghost, journeyman KoEn
Lair:5 3 runed translucent doors, Odexios's ghost, journeyman OpTm
Orc:1 exclusion: 2 downstairs
Elf:2 5 runed translucent doors, exclusion: downstairs
Vaults:1 3 runed translucent doors
Vaults:4 3 runed translucent doors
Depths:1 the Enchantress


Innate Abilities, Weirdness & Mutations

You are a living statue of rough stone.
Your actions are slow, but your melee attacks are powerful.
You are resistant to unholy torment.
Your maximum health is greatly increased.
You are immune to poison.
Your equipment is partially melded.
You are very small and have problems with some larger weapons.
You are too small for most types of armour.
You have supernaturally acute eyesight. (SInv)
((You cover ground extremely quickly. (Speed+++)))


Message History

You are too injured to fight recklessly!
Unknown command.
You are too injured to fight recklessly!
The deep troll closely misses you.
The deep troll claws you but does no damage.
The deep troll claws you! The deep troll completely misses you.
The deep troll claws you! The deep troll completely misses you.
Things that are here:
7 gold pieces; a +0 robe You closely miss the deep troll.
The deep troll misses you. The deep troll claws you!
The deep troll claws you but does no damage.
You hit the deep troll but do no damage.
You shatter the deep troll!
The deep troll is moderately wounded.
The deep troll bites you but does no damage.
The deep troll misses you.
The deep troll claws you but does no damage.
Unknown command.
You hit the deep troll.
You shatter the deep troll!!
The deep troll is severely wounded.
The deep troll completely misses you. x2; The deep troll claws you!
* * * LOW HITPOINT WARNING * * *
You hit the deep troll but do no damage.
The deep troll is heavily wounded.
The deep troll completely misses you. x3
You barely miss the deep troll.
The deep troll is heavily wounded.
The deep troll completely misses you. The deep troll claws you!
* * * LOW HITPOINT WARNING * * *
The deep troll completely misses you.
You closely miss the deep troll.
The deep troll is heavily wounded.
Your extra speed is starting to run out.
The deep troll is no longer moving quickly.
The deep troll barely misses you. The deep troll claws you!
* * * LOW HITPOINT WARNING * * *
The deep troll claws you!!
You die...
Your body crumbles into a pile of gold.

..... .....#≈≈~~~
...........#8≈~~⌠
#.........##≈§)~~
#.........##⌠§~♣~
..........##≈~~#
...>... #≈~♣~
##....... #≈~~#
##T....... #≈≈~♣
#.8.....~~ ##≈~~
##$......~ #≈~~
###$.⌠##~ #≈≈~
...# ##≈≈ .⌠# ##≈
..# ## .. ..#


You could see a deep troll (strong).

Vanquished Creatures
  Saint Roka (Orc:2)
  Nikola (Spider:3)
  Arachne (Spider:2)
  A golden dragon (Depths:1)
  Mlioglotl (Spider:3)
  A tentacled monstrosity (Vaults:1)
  A quicksilver dragon (Depths:1)
  5 deep elf blademasters
  A kraken (Shoals:4)
  3 deep elf master archers (Elf:3)
  3 tengu reavers
  Agnes (Elf:2)
  2 fire giants
  Louise (D:15)
  3 frost giants
  2 iron dragons (Depths:1)
  10 deep elf sorcerers (Elf:3)
  8 emperor scorpions
  4 ghost moths
  Aizul (Spider:2)
  9 vault wardens
  5 deep elf elementalists (Elf:3)
  2 orc warlords
  2 war gargoyles
  4 stone giants
  A broodmother (Spider:4)
  A vampire knight (Vaults:3)
  4 ironbound thunderhulks
  6 deep elf demonologists
  13 very ugly things
  9 ironbound preservers
  13 deep elf annihilators
  8 dire elephants
  6 spark wasps
  A minotaur (Gauntlet)
  7 merfolk javelineers
  A crystal guardian (Vaults:3)
  7 merfolk impalers
  10 deep elf death magi
  8 deep elf high priests
  3 ettins
  9 yaktaur captains
  5 entropy weavers
  6 great orbs of eyes
  Fannar (D:10)
  2 fire dragons
  6 hydras
  2 ice dragons (Depths:1)
  A peacekeeper (Vaults:3)
  2 rakshasas (Depths:1)
  13 vault guards
  4 radroaches
  2 spriggan air magi (Depths:1)
  3 merfolk avatars
  7 ironbound frosthearts
  5 two-headed ogres
  17 dancing weapons
  6 centaur warriors
  A death knight (D:13)
  6 death yaks
  3 merfolk aquamancers (Shoals:4)
  2 jorogumos
  3 deep troll shamans
  7 boulder beetles
  3 satyrs
  5 deep troll earth magi
  8 tengu warriors
  An orc high priest (Vaults:3)
  Sonja (Orc:2)
  13 deep elf knights
  3 skysharks
  A skeletal warrior (Vaults:3)
  6 pharaoh ants
  13 sea snakes
  3 sun moths (Spider:2)
  Amaemon (D:10)
  30 deep trolls
  3 iron trolls
  13 deep elf archers
  A flayed ghost (Vaults:3)
  An orange crystal statue (Depths:1)
  A kraken simulacrum (Shoals:4)
  An obsidian statue (Gauntlet)
  9 orb spiders
  10 lindwurms
  2 wizards
  10 ironbound convokers
  A necromancer (Vaults:3)
  2 oklob plants
  12 orc knights
  A phantasmal warrior (D:14)
  26 deep elf pyromancers
  9 harpies
  16 wolf spiders
  22 deep elf zephyrmancers
  4 steelbarb worms
  4 orc sorcerers
  10 fauns
  6 cyclopes
  21 ugly things
  16 manticores
  12 elephants
  3 moths of wrath
  9 vault sentinels
  5 black mambas
  8 merfolk sirens
  A guardian serpent (shapeshifter) (Vaults:1)
  7 demonic crawlers
  4 torpor snails
  2 water nymphs (Shoals:4)
  An orange demon (D:10)
  2 rime drakes
  3 kobold demonologists
  6 cane toads
  3 unseen horrors
  5 tengu conjurers
  2 freezing wraiths (D:15)
  Psyche (D:10)
  13 yaktaurs
  9 komodo dragons
  An efreet (D:13)
  A queen bee (Orc:1)
  6 trolls
  11 polar bears
  3 wind drakes
  17 merfolk
  3 hornets (Lair:4)
  8 blink frogs
  7 snapping turtles
  A blink frog (shapeshifter) (Vaults:1)
  30 tarantellas
  Grinder (D:6)
  14 dream sheep
  3 raiju
  5 small abominations (Gauntlet)
  4 air elementals
  20 jumping spiders
  30 slime creatures
  12 spriggans (Lair:4)
  7 humans (D:14)
  4 wraiths
  30 culicivoras
  14 water elementals
  2 vampires (D:10)
  2 wyverns
  3 shadows
  47 yaks
  Eustachio (D:5)
  A fire elemental (Elf:2)
  A basilisk (D:15)
  2 steam dragons (Gauntlet)
  62 redbacks
  Menkaure (D:5)
  12 wargs
  A large abomination (Gauntlet)
  Duvessa (D:5)
  13 hell hounds (Lair:5)
  13 water moccasins
  37 orc warriors
  An ice beast (D:7)
  A sky beast (D:7)
  14 black bears
  28 wolves
  8 ogres
  7 boggarts
  9 centaurs
  2 phantoms
  4 kobold brigands
  10 bullfrogs
  A wyvern zombie (Ossuary)
  2 gnoll sergeants
  6 earth elementals
  2 scorpions
  8 wights (D:8)
  2 water moccasin zombies (Ossuary)
  Dowan (D:5)
  35 killer bees
  4 howler monkeys
  An electric eel (Spider:4)
  4 bullfrog zombies (Ossuary)
  3 jellies
  5 centaur zombies (Ossuary)
  5 hounds
  26 orc priests
  A sleepcap (D:5)
  Jessica (D:2)
  A scorpion zombie (D:3)
  Terence (D:2)
  2 gnoll boudas
  21 orc wizards
  4 killer bee zombies (Ossuary)
  12 mummies (Ossuary)
  5 howler monkey zombies (Ossuary)
  Robin (D:1)
  24 gnolls
  4 adders
  A white imp (D:8)
  3 ufetubi (D:5)
  An adder zombie (D:3)
  3 worms
  4 dart slugs
  94 orcs
  5 ball pythons
  5 bats
  9 endoplasms
  2 giant cockroaches
  14 goblins
  8 hobgoblins
  6 quokkas
  6 frilled lizards
  A giant cockroach zombie (D:3)
  35 kobolds
  8 rats
  A spectral orc (D:8)
  4 tentacles (Shoals:4)
1576 creatures vanquished.

Vanquished Creatures (collateral kills)
  An emperor scorpion (Spider:4)
  An orb spider (Spider:1)
  A deep elf zephyrmancer (Elf:2)
3 creatures vanquished.

Vanquished Creatures (others)
  A deep elf high priest (Elf:1)
  A death knight (D:15)
  A wizard (D:14)
  A deep elf zephyrmancer (Elf:1)
  A faun (Shoals:2)
  A tarantella (Spider:3)
  A jumping spider (Spider:3)
  2 humans (D:14)
  A redback (Spider:3)
  A warg (D:15)
  An ogre (Orc:1)
  A bush (Elf:1)
  A demonic plant (Gauntlet)
  30 fungi
  90 plants
  6 tentacles (Shoals:4)
  6 withered plants (Ossuary)
146 creatures vanquished.

Grand Total: 1725 creatures vanquished

Notes
Turn   | Place    | Note
-------+----------+-------------------------------------------
     0 | D:1      | 112233 the Spriggan Earth Elementalist began the quest for
                  | the Orb.
     0 | D:1      | Reached XP level 1. HP: 9/9 MP: 5/5
   211 | D:1      | Reached skill level 3 in Spellcasting
   211 | D:1      | Reached XP level 2. HP: 13/13 MP: 5/7
   927 | D:2      | Reached XP level 3. HP: 16/16 MP: 5/9
   941 | D:2      | Noticed Robin
   985 | D:1      | Learned a level 3 spell: Stone Arrow
   988 | D:1      | Learned a level 2 spell: Passwall
   995 | D:1      | Killed Robin
  1622 | D:2      | Reached XP level 4. HP: 20/21 MP: 7/10
  1720 | D:2      | Noticed Jessica
  1983 | D:3      | Reached skill level 4 in Spellcasting
  2038 | D:3      | Found a basalt altar of Yredelemnul.
  2049 | D:3      | Reached skill level 1 in Fighting
  2252 | D:3      | Found Jutac's Antique Armour Boutique.
  2722 | D:3      | Reached XP level 5. HP: 25/25 MP: 10/12
  3220 | D:4      | Identified the +9 ring mail "Soibogu" {Regen+ Slay+2}
  3397 | D:4      | Noticed a phantom
  3408 | D:3      | Killed a phantom
  3409 | D:3      | Reached XP level 6. HP: 21/30 MP: 4/14
  4652 | D:4      | Found Nuummuje's Assorted Antiques.
  4706 | D:4      | Reached skill level 5 in Spellcasting
  4895 | D:4      | Found a hide-covered altar of Uskayaw.
  5170 | D:2      | Noticed Terence
  5200 | D:2      | Killed Terence
  5234 | D:2      | Killed Jessica
  5235 | D:2      | Reached skill level 5 in Dodging
  5470 | D:2      | Learned a level 4 spell: Petrify
  5574 | D:5      | Entered Level 5 of the Dungeon
  5625 | D:5      | Reached XP level 7. HP: 35/35 MP: 10/15
  5799 | D:5      | Noticed Menkaure
  5864 | D:5      | Killed Menkaure
  6038 | D:5      | Noticed Duvessa
  6038 | D:5      | Noticed Dowan
  6722 | D:6      | Reached skill level 6 in Spellcasting
  6722 | D:6      | Reached skill level 5 in Earth Magic
  6838 | D:6      | Noticed Grinder
  6844 | D:6      | Killed Grinder
  6845 | D:6      | Reached XP level 8. HP: 25/40 MP: 4/18
  7105 | D:6      | Found a sparkling altar of Nemelex Xobeh.
  7126 | D:6      | Found a sand-covered staircase.
  7135 | Ossuary  | Entered an ossuary
  7153 | Ossuary  | Reached skill level 7 in Spellcasting
  7830 | Ossuary  | Reached skill level 8 in Spellcasting
  8038 | Ossuary  | Reached XP level 9. HP: 44/44 MP: 15/22
  9118 | D:7      | You fall into a shaft and drop 1 floor!
  9140 | D:8      | Found a hazy altar of Hepliaklqana.
  9852 | D:7      | Found a staircase to the Ecumenical Temple.
  9867 | D:7      | Found a white marble altar of Elyvilon.
  9868 | D:7      | Found a shimmering blue altar of Sif Muna.
  9947 | Temple   | Entered the Ecumenical Temple
  9963 | Temple   | Became a worshipper of Gozag Ym Sagoz the Greedy
 10021 | D:7      | Found a broken altar of Ashenzari.
 10078 | D:7      | Reached skill level 9 in Spellcasting
 11280 | D:8      | Reached skill level 10 in Dodging
 11722 | D:8      | Found a staircase to the Lair.
 11940 | D:8      | Reached skill level 10 in Spellcasting
 12041 | D:8      | Reached XP level 10. HP: 49/49 MP: 15/25
 13099 | D:9      | Found Haoqewus's Assorted Antiques.
 13207 | D:9      | Bought a scroll of identify for 56 gold pieces
 13207 | D:9      | Bought a scroll labelled VIQETA QEOTIUS for 28 gold pieces
 13207 | D:9      | Bought a wand of roots (3) for 201 gold pieces
 13373 | D:9      | Found a staircase to the Orcish Mines.
 13616 | D:9      | Reached skill level 11 in Spellcasting
 14008 | D:9      | Found a transporter.
 14009 | D:9      | Noticed a moth of wrath
 14032 | D:9      | Noticed BROtania's ghost (journeyman MiBe)
 14032 | D:9      | Noticed a wolf spider
 14047 | D:9      | Found a transporter.
 14164 | D:9      | Found a glowing silver altar of Zin.
 14421 | D:9      | Noticed a two-headed ogre
 14430 | D:9      | Killed a two-headed ogre
 15046 | Orc:1    | Entered Level 1 of the Orcish Mines
 15046 | Orc:1    | Noticed an orc knight
 15099 | Lair:1   | Entered Level 1 of the Lair of Beasts
 15438 | Lair:1   | Reached XP level 11. HP: 37/52 MP: 12/27
 15961 | Lair:1   | Reached skill level 1 in Conjurations
 16070 | Lair:1   | Reached skill level 12 in Spellcasting
 17412 | Lair:2   | Noticed a six-headed hydra
 17425 | Lair:2   | Killed a six-headed hydra
 17450 | Lair:2   | Noticed a boulder beetle
 18285 | D:5      | Reached skill level 10 in Earth Magic
 18332 | D:5      | Noticed Eustachio
 18344 | D:5      | Killed Duvessa
 18347 | D:5      | Killed Dowan
 18692 | D:5      | Killed Eustachio
 19044 | D:3      | Bought an ominously black robe for 114 gold pieces
 19044 | D:3      | Identified the +0 robe of Existentialism {Rampage rN+ SInv}
                  | (You bought it in a shop on level 3 of the Dungeon)
 19202 | D:10     | Entered Level 10 of the Dungeon
 19232 | D:10     | Found a blossoming altar of Fedhas.
 19555 | D:10     | Noticed Fannar
 19969 | D:10     | Noticed Amaemon
 20015 | D:10     | Noticed Psyche
 20031 | D:10     | Killed Psyche
 20357 | Lair:2   | Reached XP level 12. HP: 49/59 MP: 16/29
 20816 | Lair:2   | Reached skill level 5 in Fighting
 20959 | Lair:2   | Reached skill level 13 in Spellcasting
 21169 | Lair:2   | Noticed an eight-headed hydra
 21183 | Lair:2   | Killed an eight-headed hydra
 21759 | Lair:2   | Killed a boulder beetle
 21971 | Lair:2   | Found a staircase to the Shoals.
 22054 | Lair:2   | Found a hole to the Spider Nest.
 23359 | Lair:3   | Found a transporter.
 23362 | Lair:3   | Found a transporter.
 23371 | Lair:3   | Found a bloodstained altar of Trog.
 23383 | Lair:3   | Noticed Ruockun's ghost (journeyman DsNe)
 24445 | Lair:3   | Reached XP level 13. HP: 65/65 MP: 12/31
 24839 | Lair:3   | Reached skill level 14 in Spellcasting
 24857 | Lair:3   | Reached skill level 15 in Dodging
 25476 | Lair:4   | Identified the +3 mace of Wuunkedd {vamp, Int+4}
 25706 | Lair:4   | Reached skill level 5 in Conjurations
 25775 | Lair:4   | Found a runed translucent door.
 25777 | Lair:4   | Noticed Etreokin's ghost (journeyman KoEn)
 28509 | Lair:5   | Entered Level 5 of the Lair of Beasts
 28509 | Lair:5   | Found a staircase to the Slime Pits.
 28685 | Lair:5   | Found a runed translucent gate.
 28685 | Lair:5   | Found a runed translucent gate.
 28686 | Lair:5   | Noticed Odexios's ghost (journeyman OpTm)
 28687 | Lair:5   | Found a runed translucent gate.
 29541 | Lair:5   | Reached skill level 15 in Spellcasting
 29559 | Lair:5   | Reached XP level 14. HP: 31/72 MP: 22/34
 32025 | Orc:2    | Entered Level 2 of the Orcish Mines
 32179 | Orc:2    | Found a staircase to the Elven Halls.
 32179 | Orc:2    | Noticed Sonja
 32862 | Orc:2    | Killed Sonja
 33996 | Orc:2    | Found Ozaik's Jewellery Shop.
 34188 | Orc:2    | Noticed Saint Roka
 34552 | Orc:2    | Killed Saint Roka
 34739 | Orc:2    | Found Xidiarr's Antique Armour Shoppe.
 34743 | Orc:2    | Found Echopsott's Antique Weapon Emporium.
 34776 | Orc:2    | Bought an ancient eveningstar for 660 gold pieces
 34776 | Orc:2    | Identified the +3 eveningstar of Focus {venom, +Blink} (You
                  | bought it in a shop on level 2 of the Orcish Mines)
 34926 | Orc:2    | Found Coitawa's Armour Emporium.
 35080 | D:9      | Bought a book of the Earth for 540 gold pieces
 35080 | D:9      | Bought a manual of Fighting for 1200 gold pieces
 35086 | D:9      | Learned a level 5 spell: Lee's Rapid Deconstruction
 35093 | D:9      | Learned a level 6 spell: Statue Form
 35322 | D:10     | Killed Fannar
 35603 | D:10     | Found an ancient bone altar of Kikubaaqudgha.
 35789 | D:10     | Found an ornate altar of the Wu Jian Council.
 35864 | D:10     | Killed Amaemon
 35989 | D:10     | Found a sacrificial altar of Ru.
 36278 | D:10     | Found a portal to a secret trove of treasure.
 36750 | D:11     | Identified the amulet "Mugaic Donu" {Spirit Int+3}
 37759 | D:12     | Found a transporter.
 37760 | D:12     | Noticed Kiciri's ghost (journeyman DjFE)
 38212 | D:12     | Reached skill level 16 in Spellcasting
 38469 | D:12     | Identified the +4 giant spiked club "Quelof" {drain, Int+4
                  | Dex+3}
 38469 | D:12     | Identified the +12 great mace of Viroysy {flame, +Blink rF-
                  | rN+ Will++}
 38834 | D:13     | Found a gate leading to a gauntlet.
 38949 | Gauntlet | Entered a Gauntlet
 38949 | Gauntlet | Found a transporter.
 38959 | Gauntlet | Found a transporter.
 38974 | Gauntlet | Found a transporter.
 38979 | Gauntlet | Found a transporter.
 38994 | Gauntlet | Found a transporter.
 39013 | Gauntlet | Found a transporter.
 39025 | Gauntlet | Found a transporter.
 39037 | Gauntlet | Found a transporter.
 39043 | Gauntlet | Found a transporter.
 39043 | Gauntlet | Found a transporter.
 39058 | Gauntlet | Found a transporter.
 39064 | Gauntlet | Found a transporter.
 39079 | Gauntlet | Found a transporter.
 39096 | Gauntlet | Found a transporter.
 39135 | Gauntlet | Found a transporter.
 39161 | Gauntlet | Found a transporter.
 39180 | Gauntlet | Found a transporter.
 39200 | Gauntlet | Found a transporter.
 39474 | Gauntlet | Identified the +5 mace "Sixas" {holy, *Noise Str+3 Int+4}
 39633 | Gauntlet | Identified the amulet "Supnill" {Spirit rC++ Str+3}
 39681 | Gauntlet | Got Quptie's Spellbook of the Missiles
 39701 | Gauntlet | Got Kazeuh's Lectures on Assaults
 39966 | D:13     | Reached XP level 15. HP: 79/79 MP: 30/36
 41053 | D:14     | Reached skill level 5 in Transmutations
 42037 | Elf:1    | Entered Level 1 of the Elven Halls
 42530 | D:9      | Bought a book of Alchemy for 420 gold pieces
 42536 | D:9      | Learned a level 5 spell: Irradiate
 42545 | D:9      | Learned a level 8 spell: Lehudib's Crystal Spear
 42548 | D:9      | Bought a book of Spatial Translocations for 216 gold pieces
 42551 | D:9      | Learned a level 2 spell: Blink
 42551 | D:9      | Bought a book of Dangerous Friends for 480 gold pieces
 42559 | D:9      | Learned a level 7 spell: Spellforged Servitor
 42806 | Elf:1    | Reached skill level 10 in Fighting
 42806 | Elf:1    | Reached skill level 1 in Evocations
 42806 | Elf:1    | Paralysed by an air elemental for 1 turns
 42810 | Elf:1    | Paralysed by an orc sorcerer for 5 turns
 42861 | Elf:1    | Found Ina Vouch's Weapon Shoppe.
 43321 | Elf:1    | Got the Quarto of the Beginning
 43454 | Elf:1    | Found Uro Zapn's Jewellery Shop.
 43455 | Elf:1    | Found Afyponapt's Book Shoppe.
 43466 | Elf:1    | Found Wycvaele's Jewellery Shop.
 43706 | Elf:2    | Reached skill level 17 in Spellcasting
 43713 | Elf:2    | Noticed a Hell Sentinel
 43829 | Elf:2    | Noticed an Ice Fiend
 43906 | Elf:1    | Noticed a Tzitzimitl
 44320 | Elf:2    | Noticed Agnes
 44510 | Elf:2    | Noticed a deep elf blademaster
 44526 | Elf:2    | Killed a deep elf blademaster
 44798 | Elf:2    | Killed Agnes
 45167 | D:15     | Entered Level 15 of the Dungeon
 45923 | D:15     | Reached XP level 16. HP: 86/86 MP: 13/38
 45965 | D:15     | Identified a scroll of acquirement
 45966 | D:15     | Acquired a staff of earth
 45994 | D:15     | Noticed Louise
 46226 | D:14     | Reached skill level 5 in Evocations
 46291 | D:14     | Found a gate to the Vaults.
 46698 | Elf:1    | Bought a +6 ring of intelligence for 540 gold pieces
 47146 | Elf:2    | Found Dyratius's Antique Armour Shop.
 47155 | Elf:2    | Bought an embroidered robe for 136 gold pieces
 47379 | Elf:2    | Found a huge runed translucent gate.
 47379 | Elf:2    | Found a huge runed translucent gate.
 47379 | Elf:2    | Found a huge runed translucent gate.
 47379 | Elf:2    | Found a huge runed translucent gate.
 47380 | Elf:2    | Found a huge runed translucent gate.
 47604 | Elf:3    | Entered Level 3 of the Elven Halls
 47606 | Elf:3    | Found Nuxeir's General Store.
 47614 | Elf:3    | Bought a potion of heal wounds for 65 gold pieces
 47614 | Elf:3    | Bought a scroll of immolation for 52 gold pieces
 47614 | Elf:3    | Bought a scroll of immolation for 52 gold pieces
 47826 | Elf:3    | Reached skill level 18 in Spellcasting
 48094 | Elf:3    | Reached skill level 1 in Staves
 48247 | Elf:3    | Found a huge runed gate.
 48247 | Elf:3    | Found a huge runed gate.
 48247 | Elf:3    | Found a huge runed gate.
 48249 | Elf:3    | Found a huge runed gate.
 48249 | Elf:3    | Found a huge runed gate.
 48250 | Elf:3    | Found a huge runed gate.
 48250 | Elf:3    | Found a huge runed gate.
 48251 | Elf:3    | Found a huge runed gate.
 48252 | Elf:3    | Found a huge runed gate.
 48254 | Elf:3    | Found a huge runed gate.
 48263 | Elf:3    | Found a huge runed gate.
 48263 | Elf:3    | Found a huge runed gate.
 48263 | Elf:3    | Found a huge runed gate.
 48263 | Elf:3    | Found a huge runed gate.
 48263 | Elf:3    | Found a huge runed gate.
 48263 | Elf:3    | Found a huge runed gate.
 48264 | Elf:3    | Found a huge runed gate.
 48284 | Elf:3    | Found a huge runed gate.
 48284 | Elf:3    | Found a huge runed gate.
 48284 | Elf:3    | Found a huge runed gate.
 48284 | Elf:3    | Found a huge runed gate.
 48284 | Elf:3    | Found a huge runed gate.
 48284 | Elf:3    | Found a huge runed gate.
 48285 | Elf:3    | Found a huge runed gate.
 48286 | Elf:3    | Found a huge runed gate.
 48287 | Elf:3    | Found a huge runed gate.
 48297 | Elf:3    | Found a huge runed gate.
 48297 | Elf:3    | Found a huge runed gate.
 48297 | Elf:3    | Found a huge runed gate.
 48298 | Elf:3    | Found a huge runed gate.
 48299 | Elf:3    | Found a huge runed gate.
 48305 | Elf:3    | Found a huge runed gate.
 48306 | Elf:3    | Found a huge runed gate.
 48307 | Elf:3    | Found a huge runed gate.
 48308 | Elf:3    | Found a huge runed gate.
 48317 | Elf:3    | Found a huge runed gate.
 48631 | Elf:3    | Noticed a deep elf master archer
 48632 | Elf:3    | Noticed a deep elf blademaster
 49625 | Spider:1 | Entered Level 1 of the Spider Nest
 49948 | Shoals:1 | Entered Level 1 of the Shoals
 50245 | D:9      | Bought a book of Cantrips for 144 gold pieces
 50358 | Shoals:1 | Learned a level 1 spell: Apportation
 50447 | Shoals:4 | Entered Level 4 of the Shoals
 51600 | Shoals:4 | Reached XP level 17. HP: 93/93 MP: 10/40
 51759 | Shoals:4 | Reached skill level 19 in Spellcasting
 52163 | Shoals:4 | Noticed a kraken
 52320 | Shoals:4 | Learned a level 5 spell: Borgnjor's Vile Clutch
 52535 | Shoals:4 | Got a barnacled rune of Zot
 52553 | Shoals:4 | Killed a kraken
 52941 | Shoals:3 | Found Myineoje's Book Emporium.
 53095 | Shoals:3 | Bought a book of Iron for 468 gold pieces
 53195 | Shoals:2 | Learned a level 6 spell: Iron Shot
 53540 | Shoals:2 | Found Xumnerych's General Store.
 53540 | Shoals:2 | Found Qudeluel's Specific Store.
 53549 | Shoals:2 | Bought a condenser vane for 680 gold pieces
 53549 | Shoals:2 | Bought a potion of curing for 51 gold pieces
 54161 | Shoals:1 | Found Ycuamiof's Magic Scroll Shop.
 54245 | Shoals:1 | You fall into a shaft and drop 1 floor!
 54483 | Shoals:1 | Found Wokin's Book Emporium.
 55129 | Spider:1 | Reached skill level 20 in Spellcasting
 56223 | Spider:2 | Noticed Aizul
 56230 | Spider:2 | Killed Aizul
 56400 | Spider:2 | Reached XP level 18. HP: 97/100 MP: 23/43
 56683 | Spider:2 | Noticed Arachne
 56692 | Spider:2 | Killed Arachne
 57097 | Spider:3 | Noticed Nikola
 57107 | Spider:3 | Killed Nikola
 57250 | Spider:3 | Noticed Mlioglotl
 57261 | Spider:3 | Killed Mlioglotl
 57651 | Spider:3 | Learned a level 2 spell: Wereblood
 57977 | Spider:4 | Entered Level 4 of the Spider Nest
 58133 | Spider:4 | Reached skill level 21 in Spellcasting
 58140 | Spider:4 | Identified the +10 war axe of Inconvenience {vamp, rN+}
 59543 | Spider:4 | Got a gossamer rune of Zot
 59991 | Vaults:1 | Entered Level 1 of the Vaults
 60188 | Vaults:1 | Reached skill level 5 in Staves
 60737 | Vaults:1 | Reached XP level 19. HP: 107/107 MP: 7/45
 60955 | Vaults:1 | Reached skill level 10 in Conjurations
 61220 | Vaults:1 | Found a runed translucent gate.
 61220 | Vaults:1 | Found a runed translucent gate.
 61220 | Vaults:1 | Found a runed translucent gate.
 61568 | Vaults:1 | Found the +2 hat of the Bear Spirit {Spirit, Bear, *Rage
                  | Will++}
 61903 | Vaults:2 | Reached skill level 22 in Spellcasting
 62821 | Vaults:2 | Acquired 588 gold pieces
 62983 | Vaults:2 | Found the +9 sword of Zonguldrok {reap}
 62998 | Vaults:2 | Got Kikubaaqudgha's Vellum of Despair
 63718 | Vaults:2 | Found Plog's Antique Armour Shop.
 64386 | Vaults:3 | Found a staircase to the Crypt.
 64866 | Vaults:3 | Identified the +9 trident "Jiwiwop" {venom, Fragile rF+
                  | Will++ Str+3}
 64975 | Vaults:3 | Found Ylur's Assorted Antiques.
 65047 | Vaults:3 | Bought a potion of curing for 84 gold pieces
 65047 | Vaults:3 | Bought a scroll of blinking for 210 gold pieces
 65047 | Vaults:3 | Bought a potion of curing for 84 gold pieces
 65188 | Vaults:3 | Reached skill level 15 in Fighting
 65707 | Vaults:4 | Reached skill level 10 in Evocations
 65760 | Vaults:4 | Reached XP level 20. HP: 113/113 MP: 22/47
 65997 | Vaults:4 | Reached skill level 23 in Spellcasting
 66452 | Vaults:4 | Found Gith's Antique Weapon Shop.
 67187 | Vaults:4 | Found a runed translucent gate.
 67187 | Vaults:4 | Found a runed translucent gate.
 67187 | Vaults:4 | Found a runed translucent gate.
 67606 | Vaults:5 | Entered Level 5 of the Vaults
 68716 | Elf:3    | Identified the +10 battleaxe of Doom {flame, rF+ rN+ rCorr
                  | Dex-3}
 68716 | Elf:3    | Identified the ring of Orthodoxy {rF+ rC+}
 70301 | Elf:3    | Found the +0 staff of Battle
 70317 | Elf:3    | Identified the +3 falchion of Goqe {venom, rPois rF- Str+3
                  | Dex+3}
 70318 | Elf:3    | Identified the +6 falchion of Fyiwaomn {venom, rF+ rN+
                  | Will+ Str-5}
 70319 | Elf:3    | Identified the ring "Nenaosul" {rN+ Str+6 Int+2}
 70329 | Elf:3    | Identified the amulet "Bexka" {RegenMP rElec rF- SInv}
 70330 | Elf:3    | Identified the +3 trident of Linearity {holy, Contam rElec
                  | rPois Will-}
 70993 | D:15     | Killed Louise
 71193 | D:15     | Found a staircase to the Depths.
 71394 | D:15     | Found a glowing golden altar of the Shining One.
 71606 | Depths:1 | Entered Level 1 of the Depths
 71623 | D:15     | Reached XP level 21. HP: 33/118 MP: 49/49
 72032 | D:15     | Reached skill level 24 in Spellcasting
 72208 | Depths:1 | Reached skill level 15 in Earth Magic
 72362 | Depths:1 | Learned a level 5 spell: Lee's Rapid Deconstruction
 72634 | Depths:1 | Noticed a golden dragon
 72639 | Depths:1 | Killed a golden dragon
 72777 | Depths:1 | Noticed a golden dragon
 72777 | Depths:1 | Noticed the Enchantress
 72787 | Depths:1 | Noticed a juggernaut
 72788 | Depths:1 | Noticed a juggernaut
 72804 | Depths:1 | Found a gateway to Hell.
 72835 | Depths:1 | Reached skill level 10 in Staves
 72893 | Depths:1 | Mangled by a deep troll

Illustrated notes

Levels and vault maps discovered:
D:1:      scummos_arrival_forest, layout_loops_ring
D:2:      layout_basic, uniq_jessica, uniq_robin, uniq_terence
D:3:      layout_loops_ring, nicolae_yredelemnul_corpse_copse, serial_shops,
          nicolae_shop_trees, minmay_unequal
D:4:      layout_basic, nicolae_uskayaw_suspiria, serial_shops, shop_statue
D:5:      layout_basic, uniq_eustachio, uniq_menkaure, uniq_duvessa
D:6:      layout_gridville, nemelex_dance_club_becter,
          nicolae_ossuary_entry_monument, uniq_grinder
D:7:      layout_basic, mainiacjoe_overflow_surrounded_room,
          gammafunk_temple_overflow_statue, minmay_temple_entry_junction
D:8:      layout_gridville, nicolae_hepliaklqana_monster_ancestors,
          erik_lair_orcish_takeover, kennysheep_generic_room_6
D:9:      layout_basic, mainiacjoe_overflow_concentric_impassable, david_orc_2,
          gammafunk_ghost_berserking_beasts, serial_shops, shop,
          minmay_misc_feat_four_crosses, chequers_arboretum
D:10:     layout_layer_cave, fedhas_altar_1, pdpol_wu_jian_five_deadly_venoms,
          mainiacjoe_overflow_alcove_4, mainiacjoe_overflow_catwalk,
          nicolae_trove_entry_columns, uniq_amaemon, uniq_psyche, uniq_fannar
D:11:     layout_grid_maze
D:12:     layout_basic, gammafunk_ghost_smash, serial_corexii_hall,
          corexii_hall_statues_l, corexii_hall_statues_l
D:13:     layout_loops_ring, gauntlet_entry_generic
D:14:     layout_stronghold, ximxim_vaults_locker_room,
          hangedman_decor_peaks_small, chequers_serial_rivers_small_3,
          minivault_25_ag
D:15:     grunt_enter_depths_snipers, layout_gridville, tso_metal_star,
          serial_park_tiny_2, uniq_louise
Temple:   chequers_temple_sunken
Lair:1:   layout_layer_cave, small_statue_intersection
Lair:2:   layout_chaotic_city, shoals_dummy_entry,
          hellmonk_spider_entry_life_and_decay, chequers_serial_rivers_micro_d
Lair:3:   layout_misc_corridors, gammafunk_ghost_wrathful_warriors,
          minmay_holes, infiniplex_staircase_pool
Lair:4:   kb_forest_paths, layout_regular_city, ebering_ghost_inner_flame
Lair:5:   hangedman_lair_caniforms_friends, layout_regular_city,
          nicolae_slime_entry_field_trip, ebering_ghost_rock_garden,
          dreamdust_mushroom_princess, lemuel_fruit_tree
Shoals:1: layout_shoals, serial_shops, nicolae_shop_trees, shop
Shoals:2: layout_shoals, nicolae_shoals_lost_giant_amphitheater,
          nicolae_specific_store
Shoals:3: layout_shoals, nicolae_stop_n_shop_1
Shoals:4: shoals_end_grunt_ice, layout_shoals
Spider:1: layout_spider_delve
Spider:2: layout_spider_delve, drop_trap, nicolae_spider_checkerboard,
          uniq_arachne, uniq_aizul
Spider:3: layout_spider_delve, drop_trap, uniq_mlioglotl, uniq_nikola
Spider:4: grunt_spider_rune_circles
Orc:1:    layout_caves, special_room [special_room_bee]
Orc:2:    grunt_orc_community_town_hall, layout_diamond_mine,
          grunt_orc_community_big_house_1, grunt_orc_community_big_house_1,
          grunt_orc_community_house_2, grunt_orc_community_house_1,
          grunt_orc_community_house_2, grunt_orc_community_house_1,
          grunt_orc_community_house_1, uniq_sonja
Elf:1:    layout_rooms, serial_shops, shop, minmay_elf_demonology,
          minmay_shop_grove
Elf:2:    elven_hall_of_blades_hangedman_alternative
          [nooodl_blade_entry_preview], layout_onion_city, serial_shops,
          nicolae_shop_stone, uniq_agnes
Elf:3:    minmay_elf_hall_four_x, layout_geoelf_diagonals, serial_shops, shop,
          door_vault
Vaults:1: ploomutoo_gammafunk_ghost_potion_laboratory, vaults_room_octagon,
          nicolae_vaults_network_square, vaults_room_large_hall,
          hangedman_vaults_impose, vaults_room_corners,
          nicolae_vaults_shelves_hall, ontoclasm_vaults_shout,
          dpeg_vaults_monster_row, vaults_mumra_chevron,
          vaults_standard_mumra_x, layout_vaults_omnigrid
Vaults:2: v_alt_pattern_6, hangedman_vaults_locks, dpeg_vaults_waves,
          hangedman_vaults_unwind, vaults_mumra_lcd, ontoclasm_vaults_hangar,
          hangedman_vaults_cutoff, grunt_vaults_funnel, layout_vaults_big_room,
          serial_shops, nicolae_shop_temple_entry_statues_fountains
Vaults:3: ontoclasm_vaults_hangar, minmay_crypt_entry_simple_plaza, v_misc_11,
          vaults_dpeg_encased_lava, nicolae_vaults_inception_scallops,
          nicolae_vaults_diagonal_hallway_8, special_room_vaults
          [special_room_orc], v_misc_25, ontoclasm_vaults_misaligned,
          vaults_standard_mumra_enter_the_diamond,
          ontoclasm_vaults_decontamination, layout_vaults_omnicross,
          serial_shops, nicolae_shop_window_shopping
Vaults:4: ploomutoo_gammafunk_ghost_potion_laboratory,
          ontoclasm_vaults_misaligned, v_misc_4, v_misc_30,
          nicolae_vaults_network_barrier, ontoclasm_vaults_chip, v_misc_11,
          v_misc_1, v_misc_17, layout_vaults_ring, serial_shops, shop
Vaults:5
Depths:1: gammafunk_depths_water_palace, layout_cave_pools, enter_ziggurat_c,
          hell_entry, rand_demon_pan_entry_9, grunt_decor_fettered,
          small_chamber_with_monster, grunt_ministairs_4, led_sif_pool

Skill      XL: |  1  2  3  4  5  6  7  8  9 10 11 12 13 14 15 16 17 18 19 20 21 |
---------------+----------------------------------------------------------------+-----
Spellcasting   | 3 4 5 6 8 10 11 12 13 15 16 17 18 20 21 22 23 24 | 24.2
Earth Magic    | 3 4 5 6 7 9 10 11 12 13 14 15 | 15.2
Dodging        | 3 4 5 6 8 10 12 13 14 16 17 18 19 20 21 22 | 22.6
Fighting       | 1 2 3 4 6 7 9 10 12 13 14 15 | 15.4
Conjurations   | 3 4 6 7 8 9 10 11 | 11.6
Transmutations | 4 6 |  6.2
Evocations     | 4 6 7 10 11 | 11.8
Staves         | 2 5 7 9 10 | 10.0
Stealth        | |  3.2

Action                     |  1- 3 |  4- 6 |  7- 9 | 10-12 | 13-15 | 16-18 | 19-21 || total
---------------------------+-------+-------+-------+-------+-------+-------+-------++-------
  Melee: Unarmed           |     2 |     1 |       |       |       |       |       ||     3
         Dagger            |       |       |     1 |    42 |    16 |       |       ||    59
         Punch             |       |       |       |     1 |     3 |       |       ||     4
         Mace              |       |       |       |       |   101 |       |       ||   101
         Staff             |       |       |       |       |       |   292 |   144 ||   436
   Cast: Sandblast         |    58 |   118 |   100 |   109 |    77 |    17 |       ||   479
         Stone Arrow       |     1 |    16 |   151 |   389 |  1087 |   551 |       ||  2195
         Petrify           |       |       |       |     3 |    16 |       |       ||    19
         Statue Form       |       |       |       |       |    47 |    97 |    71 ||   215
         Lee's Rapid Decon |       |       |       |       |     7 |     1 |     2 ||    10
         Passwall          |       |       |       |       |     2 |     1 |       ||     3
         Irradiate         |       |       |       |       |       |    31 |    16 ||    47
         Apportation       |       |       |       |       |       |     1 |     1 ||     2
         Iron Shot         |       |       |       |       |       |   305 |   432 ||   737
         Borgnjor's Vile C |       |       |       |       |       |    44 |    79 ||   123
 Invoke: Potion Petition   |       |       |       |     1 |     3 |     1 |     9 ||    14
         Call Merchant     |       |       |       |       |     3 |       |       ||     3
  Evoke: Wand              |       |       |     5 |     4 |    11 |     9 |     1 ||    30
         Box of beasts     |       |       |       |       |     2 |     1 |     1 ||     4
         Phantom mirror    |       |       |       |       |     1 |     3 |     1 ||     5
         Phial of floods   |       |       |       |       |     1 |     2 |       ||     3
         Condenser vane    |       |       |       |       |       |     1 |     3 ||     4
    Use: Scroll            |     2 |     2 |     3 |     1 |    27 |    10 |    12 ||    57
         Potion            |     1 |     2 |     6 |     1 |     6 |     5 |     4 ||    25
   Stab: Petrified         |       |       |       |     8 |    13 |       |       ||    21
         Distracted        |       |       |       |       |       |     9 |     3 ||    12
         Invisible         |       |       |       |       |       |     1 |       ||     1
 Armour: Robe              |       |     3 |    27 |    18 |    35 |     5 |     4 ||    92
         Skin              |       |       |       |       |   166 |   498 |   160 ||   824
  Dodge: Dodged            |    13 |    66 |   144 |   281 |  1170 |  2759 |  1060 ||  5493
         Repelled          |       |       |       |       |       |       |    12 ||    12

Table legend: (Time is in decaauts)
 A = Elapsed time spent in this place.
 B = Non-inter-level travel time spent in this place.
 C = Inter-level travel time spent in this place.
 D = Time resting spent in this place.
 E = Time spent auto-exploring this place.
 F = Levels seen in this place.
 G = Mean time per level.
                   A        B        C        D        E       F      G
               +--------+--------+--------+--------+--------+-----+--------+
         Total |  67661 |  63987 |   3674 |  17066 |  35636 |  42 | 1611.0 |
       Dungeon |  21570 |  19743 |   1827 |   5079 |  11731 |  15 | 1438.0 |
        Temple |     18 |     10 |      8 |      0 |      6 |   1 |   18.0 |
          Lair |  11869 |  11241 |    628 |   3864 |   5816 |   5 | 2373.8 |
        Shoals |   5271 |   5118 |    153 |    818 |   3217 |   4 | 1317.8 |
   Spider Nest |   5656 |   5369 |    287 |    736 |   3201 |   4 | 1414.0 |
  Orcish Mines |   3877 |   3618 |    259 |   1744 |   1284 |   2 | 1938.5 |
   Elven Halls |   8874 |   8546 |    328 |   3725 |   3050 |   3 | 2958.0 |
        Vaults |   7523 |   7344 |    179 |    980 |   5228 |   5 | 1504.6 |
        Depths |   1061 |   1061 |      0 |     12 |    713 |   1 | 1061.0 |
       Ossuary |   1282 |   1282 |      0 |     49 |   1069 |   1 | 1282.0 |
      Gauntlet |    656 |    656 |      0 |     55 |    316 |   1 |  656.0 |
               +--------+--------+--------+--------+--------+-----+--------+

Top non-repeatable levels by time:
   Elf:2: 4060 daAuts
  Lair:2: 4057 daAuts
Shoals:4: 2997 daAuts
     D:9: 2950 daAuts
  Lair:4: 2577 daAuts
   Elf:3: 2460 daAuts
  Lair:1: 2412 daAuts
   Elf:1: 2354 daAuts
Vaults:1: 2341 daAuts
   Orc:1: 2245 daAuts
     D:8: 2228 daAuts
     D:3: 2170 daAuts
    D:14: 1994 daAuts
Vaults:4: 1909 daAuts
  Lair:5: 1734 daAuts
